 Dungeon Crawl Stone Soup version 0.20.1-1-g8b1a95d (webtiles) character file.

27 JohnnyMnemonic the Chiller (level 3, -1/31 HPs)
             Began as an Ogre Ice Elementalist on July 18, 2017.
             Slain by a goblin
             ... wielding a +0 dagger
             ... led by Robin
              (6 damage)
             ... on level 2 of the Dungeon.
             The game lasted 00:03:04 (1746 turns).

JohnnyMnemonic the Chiller (Ogre Ice Elementalist)  Turns: 1746, Time: 00:03:04

Health: -1/31      AC:  8    Str: 12    XL:     3   Next: 10%
Magic:  3/6        EV: 10    Int: 17    God:
Gold:   47         SH:  0    Dex:  9    Spells: 2/6 levels left

rFire    . . .     SeeInvis .   e - +0 club
rCold    . . .     Gourm    .   (no shield)
rNeg     . . .     Faith    .   a - +0 robe
rPois    .         Spirit   .   (helmet restricted)
rElec    .         Reflect  .   (no cloak)
rCorr    .         Harm     .   (gloves unavailable)
MR       .....                  (boots unavailable)
Stlth    +.........             (no amulet)
Regen    0.1/turn               (no ring)
MPRegen  0.1/turn               (no ring)

@: icy armour, slow
A: unfitting armour, tough skin 1
a: no special abilities


You were on level 2 of the Dungeon.
You were not hungry.

You visited 1 branch of the dungeon, and saw 2 of its levels.

You collected 47 gold pieces.

Inventory:

Hand Weapons
 d - a +0 dagger
 e - a +0 club (weapon)
Armour
 a - a +0 robe (worn)
Scrolls
 g - a scroll of amnesia {unknown}
 h - a scroll of fog {unknown}
 i - a scroll of enchant weapon {unknown}
Potions
 f - a potion of might {unknown}
Books
 b - a book of Frost

   Spells                             Type                      Level
   a - Freeze                         Ice                          1
   b - Throw Frost                    Conjuration/Ice              2
   c - Ozocubu's Armour               Charms/Ice                   3
   d - Throw Icicle                   Conjuration/Ice              4
   e - Summon Ice Beast               Ice/Summoning                4
Comestibles
 c - a bread ration


   Skills:
 - Level 1.7 Dodging
 - Level 1.4 Stealth
 - Level 2.4 Spellcasting
   Level 0.8 Conjurations
 + Level 3.7 Ice Magic


You had 2 spell levels left.
You knew the following spells:

 Your Spells              Type           Power        Failure   Level  Hunger
a - Freeze                Ice            ##..         4%          1    #......
b - Ozocubu's Armour      Chrm/Ice       #.......     26%         3    ###....


Dungeon Overview and Level Annotations

Branches:
Dungeon (2/15)

Altars:

Annotations:
D:2 Robin


Innate Abilities, Weirdness & Mutations

You are too large for most types of armour.
You have tough skin. (AC +1)


Message History

The goblin hits you with a club. The goblin hits you but does no damage.
The rat bites you but does no damage.
You hit the goblin.
You kill the goblin!
Robin throws the goblin at you! The goblin hits you with a club!
The rat bites you but does no damage. The goblin closely misses you.
You closely miss the goblin. The goblin hits you with a club.
* * * LOW HITPOINT WARNING * * *
The rat bites you but does no damage. The goblin hits you but does no damage.
The goblin barely misses you. The rat bites you.
* * * LOW HITPOINT WARNING * * *
You hit the goblin.
The goblin is heavily wounded.
The goblin hits you but does no damage. The goblin closely misses you.
The rat bites you.
* * * LOW HITPOINT WARNING * * *
You closely miss the goblin.
The goblin is heavily wounded.
The goblin hits you with a dagger.
You die...

#.........#
#.........#
########.........#
#.......(....#####
#.##########.# #.#
#.# #g# #@#
....ggrg#
....ggKg#
.....ggg#
........#
........#
....%...+
#.......#


You could see Robin, 3 hobgoblins, 6 goblins, a kobold and a rat.

Vanquished Creatures
  A dart slug (D:1)
  A leopard gecko (D:1)
  3 giant cockroaches
  4 goblins
  3 hobgoblins (D:1)
  2 bats (D:1)
  5 kobolds (D:1)
  3 rats
22 creatures vanquished.

Notes
Turn   | Place    | Note
-------+----------+-------------------------------------------
     0 | D:1      | JohnnyMnemonic the Ogre Ice Elementalist began the quest for the Orb.
     0 | D:1      | Reached XP level 1. HP: 16/16 MP: 3/3
   422 | D:1      | Reached skill level 3 in Ice Magic
   437 | D:1      | Reached XP level 2. HP: 4/24 MP: 0/5
  1647 | D:1      | Reached XP level 3. HP: 31/31 MP: 6/6
  1674 | D:1      | Learned a level 3 spell: Ozocubu's Armour
  1734 | D:2      | Noticed Robin
  1746 | D:2      | Slain by a goblin

Skill      XL: |  1 |
---------------+----+-----
Ice Magic      | 3 |  3.7
Dodging        | |  1.7
Stealth        | |  1.4
Spellcasting   | |  2.4
Conjurations   | |  0.8

Action                   || total
-------------------------++-------
Melee: Dagger            ||    25
       Club              ||    66
 Cast: Freeze            ||    15
       Ozocubu's Armour  ||     1
 Stab: Sleeping          ||     2
  Eat: Chunk             ||     3
Armor: Robe              ||    35
Dodge: Dodged            ||    79
